AoeStats
← ThunderboltX

Arabia

510212142Analyzed
1v1 RM · 2d ago on Sep 30, 2026· 26m 55s· 2 players
Game mode
Random Map
Map size
Tiny (2 player)
Population
200
Speed
Normal
Resources
Standard
Victory
Conquest
Starting age
Dark Age
Ending age
Imperial Age
RankedLock teamsTeams togetherTeam positionsShared explorationLock speedFull tech treeHidden civsTurbo modeCheats
Victory
Defeat
🇧🇬 Hindustanis · Bulgaria
2396
+8
🇧🇷 Teutons · Brazil
2191
-8
ThunderboltX
8:00 Feudal Age
6:16 Loom
9:09 Double-Bit Axe
16:04 Fletching
17:59 Padded Archer Armor
23:37 Castle Age
22:15 Horse Collar
24:14 Bodkin Arrow
23:40 Elite Skirmisher
24:48 Leather Archer Armor
GAX | Huns N' Roses
6:40 Loom
9:14 Feudal Age
15:04 Fletching
22:08 Castle Age
20:24 Horse Collar
22:13 Crossbowman
22:55 Bodkin Arrow
25:13 Heavy Plow
25:01 Double-Bit Axe
Connection lost

Rejoining the realm…

Still unreachable

The connection could not be restored.

Session expired

The server has moved on; the page needs a fresh start.